 Dungeon Crawl Stone Soup version 0.27.1-33-g824d729ab1 (webtiles) character file.

Game seed: 17412404909359415477

80320 shadowrider38 the Warrior (level 15, -6/95 HPs)
             Began as a Vine Stalker Berserker on Dec 31, 2021.
             Was the Champion of Trog.
             Mangled by an orc warrior (14 damage)
             ... led by an orc warlord
             ... on level 2 of the Orcish Mines.
             The game lasted 01:13:15 (29214 turns).

shadowrider38 the Warrior (Vine Stalker Berserker) Turns: 29214, Time: 01:13:15

Health: -6/95      AC: 15    Str: 26    XL:     15   Next: 66%
Magic:  0/16       EV: 11    Int:  7    God:    Trog [******]
Gold:   1967       SH:  0    Dex: 14    Spells: 14/14 levels left

rFire    + . .     SeeInvis +   a - +5 halberd
rCold    . . .     Faith    .   (shield currently unavailable)
rNeg     . . .     Spirit   +   y - +1 plate armour {rF+}
rPois    .         Reflect  .   S - +0 helmet
rElec    .         Harm     .   t - scarf {shadows}
rCorr    .         Rampage  .   (no gloves)
Will     +....                  P - +2 pair of boots
Stlth    ..........             f - amulet of regeneration
HPRegen  2.25/turn              l - ring of see invisible
MPRegen  0.15/turn              w - +4 ring of evasion

@: no status effects
A: fangs 3, regeneration 1, magic shield, antimagic bite, no potion heal 2
a: Renounce Religion, Berserk, Trog's Hand, Brothers in Arms


You were on level 2 of the Orcish Mines.
You worshipped Trog.
Trog was exalted by your worship.
You visited 4 branches of the dungeon, and saw 21 of its levels.
You also visited: Ossuary.

You collected 1967 gold pieces.

Inventory:

Hand Weapons
 a - a +5 halberd (weapon)
 z - a +0 glaive of flaming
 K - a +1 demon trident of flaming
Missiles
 e - 558 stones (quivered)
 j - 9 curare-tipped darts
 n - 30 boomerangs
 p - 5 throwing nets
 C - 70 poisoned darts
 W - 9 atropa-tipped darts
Armour
 b - +0 fire dragon scales
 t - a scarf of shadows (worn)
 y - a +1 plate armour of fire resistance (worn)
 P - a +2 pair of boots (worn)
 S - a +0 helmet (worn)
Jewellery
 c - a +6 ring of intelligence
 f - an amulet of regeneration (around neck)
 l - a ring of see invisible (left hand)
 u - a ring of flight
 v - an amulet of faith
 w - a +4 ring of evasion (right hand)
 Z - a ring of protection from cold
Wands
 q - a wand of paralysis (20)
 M - a wand of polymorph (33)
 Q - a wand of acid (22)
 X - a wand of iceblast (13)
 Y - a wand of charming (6)
Scrolls
 h - 8 scrolls of teleportation
 i - 6 scrolls of fear
 m - 3 scrolls of fog
 x - 3 scrolls of magic mapping
 B - 5 scrolls of blinking
 D - 3 scrolls of enchant weapon
 J - 2 scrolls of brand weapon
 L - 2 scrolls of immolation
 R - 3 scrolls of torment
 V - a scroll of enchant armour
Potions
 g - a potion of invisibility
 k - 10 potions of curing
 o - 5 potions of magic
 r - a potion of haste
 s - a potion of heal wounds {unknown}
 A - 4 potions of might {unknown}
 E - 2 potions of ambrosia {unknown}
 F - a potion of mutation
 G - 2 potions of resistance {unknown}
 H - 2 potions of attraction {unknown}
 I - 7 potions of lignification {unknown}
 N - 3 potions of flight {unknown}
 T - 2 potions of cancellation {unknown}
Miscellaneous
 U - a phial of floods


   Skills:
 + Level 18.0 Fighting
 + Level 15.8 Polearms
 - Level 1.5 Armour
 - Level 1.5 Dodging
 - Level 4.0 Shields


You had 14 spell levels left.
You didn't know any spells.
Your spell library was empty.

Dungeon Overview and Level Annotations

Branches:
Dungeon (12/15)            Temple (1/1) D:4            Lair (6/6) D:9
 Shoals (0/4) Lair:4       Spider (0/4) Lair:4        Slime (0/5) Lair:5
    Orc (2/2) D:12        Ossuary (visited)
    Elf: Orc:2

Altars:
Ashenzari
Cheibriados
Dithmenos
Elyvilon
Fedhas
Gozag
Hepliaklqana
Kikubaaqudgha
Makhleb
Nemelex Xobeh
Okawaru
Qazlal
Ru
Sif Muna
Trog
Uskayaw
Vehumet
Wu Jian
Xom
Yredelemnul
Zin
The Shining One
Beogh
Jiyva

Shops:
D:1 [*=(   D:5 =   Orc:2 ([:*

Annotations:
D:9 2 transporters, pkoi's ghost, novice DrMo
Lair:3 exclusion: oklob plant
Lair:4 1 runed translucent door


Innate Abilities, Weirdness & Mutations

You have razor-sharp teeth.
Your natural rate of healing is unusually fast.
When hurt, damage is shared between your health and your magic reserves.
Your bite disrupts and absorbs the magic of your enemies.
Potions cannot restore your health.


Message History

You reach to attack!
Your plate armour prevents you from hitting the orc warrior.
The orc warrior is moderately wounded.
An orc comes into view. It is wielding a +0 mace.
An orc warrior comes into view. It is wielding a +0 battleaxe.
The orc warrior completely misses you.
Found Salea's Antique Armour Emporium.
The orc warrior no longer looks unusually strong.
The orc warrior no longer looks unusually strong. x2
You see here a +0 club.
Things that are here:
a +0 dagger; a +0 robe
There is a stone staircase leading up, spattered with blood here.
The orc warrior hits you but does no damage.
The orc warlord roars a battlecry!
The orc warriors go into a battle-frenzy!
The orc warrior hits you from afar with a +0 halberd!
There is a stone staircase leading up, spattered with blood here.
You closely miss the orc warrior. Your bite misses the orc warrior.
The orc warrior hits you but does no damage. x2
You hit the orc warrior but do no damage.
You bite the orc warrior. You drain its power.
You feel invigorated.
The orc warrior is moderately wounded.
The orc warrior hits you from afar with a +0 halberd!!
The orc warlord roars a battlecry!
You puncture the orc warrior! You bite the orc warrior. You drain its power.
You feel invigorated.
The orc warrior is severely wounded.
The orc warrior no longer looks unusually strong.
The orc warrior hits you with a +0 dire flail!
The orc warrior hits you from afar with a +0 glaive!
The orc warlord roars a battlecry!
The orc warrior goes into a battle-frenzy!
The orc warrior misses you.
The orc warrior hits you with a +0 dire flail!!
The orc warrior barely misses you.
The orc warrior hits you from afar with a +0 glaive!!
* * * LOW HITPOINT WARNING * * *
The orc warrior hits you from afar with a +0 halberd!
You die...

##8...8# #...#....... ....
##.....##...###.#... .....
.#)....#...##......# .....
..........# #......##.....
.........#####............
...........8.......)....#
..........o.o...[....#...#
...._.........ooo.[.## ##
...)..))).....o)@....###
......)....8[...).[.[..#####
.......).#####.....<....##.######
..........###...........#....#..#
.#.....#...##....................
##.....##...##............##....#
#8...8###...#...................
##.....# ##.∩#.................).
.#.....##.####...............))..


You could see an orc warlord, 4 orc warriors and an orc (strong).

Vanquished Creatures
  Gastronok (Lair:2)
  Snorg (D:10)
  A fire dragon (Lair:6)
  5 hydras
  Harold (D:6)
  Erolcha (Orc:1)
  2 boulder beetles
  A catoblepas (D:11)
  4 two-headed ogres
  Erica (Lair:2)
  6 death yaks
  An orc high priest (Orc:2)
  Urug (Orc:2)
  Nergalle (Orc:1)
  A fire crab (Lair:5)
  The ghost of dnasty the Destroyer, a novice TeCj of Vehumet (D:10)
  A swamp dragon (Lair:6)
  Pikel (D:7)
  A spectral wolf spider (D:10)
  5 orc knights
  4 orc sorcerers
  A wolf spider (Lair:4)
  2 cyclopes
  2 ugly things
  29 elephants
  2 spectral centaurs (D:10)
  3 black mambas
  Maurice (D:9)
  9 cane toads
  3 torpor snails
  2 kobold demonologists (D:11)
  5 rime drakes
  11 komodo dragons
  3 trolls
  3 polar bears
  22 blink frogs
  The ghost of dnasty the Skirmisher, an amateur GrGl (D:5)
  2 centaur simulacra (D:10)
  Sigmund (D:2)
  4 shadows
  6 wyverns
  A vampire (D:12)
  69 yaks
  6 basilisks
  6 wraiths
  A redback simulacrum (D:12)
  Menkaure (D:7)
  4 steam dragons
  A warg (Orc:1)
  3 acid dragons (Lair:6)
  12 water moccasins
  An ice beast (D:7)
  21 orc warriors
  2 sky beasts
  2 black bears
  4 ogres
  A swamp drake (Lair:6)
  A necrophage (D:7)
  3 wolves
  8 centaurs
  A phantom (D:6)
  3 kobold brigands
  Blork the orc (Orc:2)
  9 bullfrogs
  A wyvern zombie (D:8)
  A scorpion (D:5)
  2 wyvern skeletons
  A troll zombie (Ossuary)
  20 wights
  7 howler monkeys
  An electric eel (Lair:4)
  6 centaur zombies
  4 quasits (D:5)
  A gnoll shaman (D:3)
  A hound (D:6)
  22 orc priests
  3 jellies
  A centaur skeleton (D:6)
  8 iguanas
  Terence (D:2)
  Natasha (D:2)
  16 orc wizards
  2 ogre zombies (Ossuary)
  7 mummies (Ossuary)
  8 gnolls
  11 adders
  2 shadow imps
  A white imp (D:5)
  An ufetubus (D:4)
  6 adder zombies (Ossuary)
  2 worms
  2 dart slugs
  70 orcs
  2 ball pythons
  7 bats
  7 endoplasms
  2 giant cockroaches
  A gnoll zombie (Ossuary)
  7 goblins
  7 hobgoblins
  4 jackals (D:1)
  A quokka (D:4)
  3 frilled lizards
  4 goblin zombies (Ossuary)
  2 hobgoblin zombies (Ossuary)
  16 kobolds
  2 kobold zombies (Ossuary)
  An orc zombie (D:7)
  7 quokka zombies (Ossuary)
  4 rats (D:3)
  3 rat zombies (Ossuary)
603 creatures vanquished.

Vanquished Creatures (others)
  An orc priest (D:8)
  An orc wizard (D:8)
  2 orcs (D:8)
  A bush (Lair:1)
  24 fungi
  55 plants
84 creatures vanquished.

Grand Total: 687 creatures vanquished

Notes
Turn   | Place    | Note
-------+----------+-------------------------------------------
     0 | D:1      | shadowrider38 the Vine Stalker Berserker began the quest
                  | for the Orb.
     0 | D:1      | Reached XP level 1. HP: 11/11 MP: 2/2
   567 | D:1      | Reached XP level 2. HP: 15/16 MP: 3/3
   595 | D:1      | Found Fotian's Assorted Antiques.
   599 | D:1      | Found Verifaod's Jewellery Boutique.
   634 | D:1      | Reached skill level 3 in Fighting
   722 | D:1      | Found Fedimofu's Armour Emporium.
  1112 | D:2      | Reached XP level 3. HP: 20/20 MP: 4/4
  1230 | D:2      | Noticed Sigmund
  1764 | D:1      | Found Guqeafao's Antique Weapon Shop.
  2149 | D:1      | Found a faded altar of an unknown god.
  2168 | D:1      | Gained mutation: Your natural rate of healing is unusually
                  | fast. [Vine Stalker growth]
  2168 | D:1      | Reached XP level 4. HP: 24/24 MP: 5/5
  2704 | D:1      | Reached ** piety under Trog
  3026 | D:2      | Noticed Terence
  3030 | D:2      | Killed Terence
  3281 | D:2      | Found a hide-covered altar of Uskayaw.
  3306 | D:2      | Reached skill level 4 in Fighting
  3315 | D:2      | Reached XP level 5. HP: 28/29 MP: 4/6
  3467 | D:2      | Noticed Natasha
  3787 | D:2      | Killed Natasha
  3794 | D:2      | Killed Sigmund
  3795 | D:2      | Reached XP level 6. HP: 35/35 MP: 7/7
  3943 | D:3      | Reached skill level 5 in Polearms
  4130 | D:3      | Reached skill level 5 in Fighting
  4741 | D:3      | Reached XP level 7. HP: 39/39 MP: 8/8
  5288 | D:4      | Found a hazy altar of Hepliaklqana.
  5526 | D:4      | Found a staircase to the Ecumenical Temple.
  5550 | Temple   | Entered the Ecumenical Temple
  6122 | D:4      | Reached *** piety under Trog
  6159 | D:5      | Entered Level 5 of the Dungeon
  6532 | D:5      | Found Jereraoc's Jewellery Shoppe.
  6544 | D:5      | Found a sacrificial altar of Ru.
  6610 | D:5      | Found a transporter.
  6620 | D:5      | Noticed dnasty's ghost (amateur GrGl)
  6631 | D:5      | Found a transporter.
  6716 | D:5      | Found a faded altar of an unknown god.
  6721 | D:5      | Found a blossoming altar of Fedhas.
  6723 | D:5      | Found a bloodstained altar of Trog.
  6725 | D:5      | Found a white marble altar of Elyvilon.
  6728 | D:5      | Found a basalt altar of Yredelemnul.
  6986 | D:6      | Reached skill level 6 in Fighting
  7274 | D:5      | Gained mutation: You have razor-sharp teeth. [Vine Stalker
                  | growth]
  7274 | D:5      | Reached XP level 8. HP: 44/44 MP: 6/9
  7957 | D:6      | Reached skill level 7 in Fighting
  7974 | D:6      | Noticed a boulder beetle
  8093 | D:6      | Killed a boulder beetle
  8093 | D:6      | Reached **** piety under Trog
  8094 | D:6      | Reached skill level 8 in Fighting
  8094 | D:6      | Reached XP level 9. HP: 51/51 MP: 10/10
  8262 | D:6      | Found a sacrificial altar of Ru.
  9325 | D:7      | Noticed Pikel
  9339 | D:7      | Killed Pikel
  9340 | D:7      | Reached skill level 9 in Fighting
  9341 | D:7      | Reached XP level 10. HP: 58/58 MP: 9/11
  9500 | D:7      | Found a sand-covered staircase.
  9553 | Ossuary  | Entered an ossuary
  9987 | Ossuary  | Reached ***** piety under Trog
 10415 | Ossuary  | Reached skill level 11 in Fighting
 10415 | Ossuary  | Reached XP level 11. HP: 65/65 MP: 12/12
 10655 | D:7      | Noticed Menkaure
 10697 | D:7      | Noticed Harold
 10726 | D:6      | Killed Harold
 11131 | D:7      | Killed Menkaure
 11486 | D:7      | Noticed a cyclops
 11490 | D:7      | Killed a cyclops
 11496 | D:7      | Reached skill level 12 in Fighting
 11499 | D:7      | Identified the +0 ring mail "Padoig" {Int+2}
 11639 | D:8      | Noticed a two-headed ogre
 11644 | D:8      | Killed a two-headed ogre
 11777 | D:8      | Noticed a two-headed ogre
 11887 | D:8      | Killed a two-headed ogre
 12133 | D:8      | Found an ornate altar of the Wu Jian Council.
 12501 | D:8      | Received a gift from Trog
 13128 | D:9      | Noticed Maurice
 13134 | D:9      | Killed Maurice
 13240 | D:9      | Noticed a moth of wrath
 13243 | D:9      | Noticed pkoi's ghost (novice DrMo)
 13243 | D:9      | Noticed a manticore
 13252 | D:9      | Found a transporter.
 13434 | D:9      | Found a transporter.
 13956 | D:9      | Found a staircase to the Lair.
 13970 | D:9      | Reached skill level 13 in Fighting
 14183 | D:5      | Killed dnasty's ghost
 14184 | D:5      | Reached XP level 12. HP: 57/73 MP: 10/13
 14373 | Lair:1   | Entered Level 1 of the Lair of Beasts
 14446 | D:10     | Entered Level 10 of the Dungeon
 14458 | D:10     | Found a runed translucent gate.
 14459 | D:10     | Found a runed translucent gate.
 14459 | D:10     | Found a runed translucent gate.
 14460 | D:10     | Noticed dnasty's ghost (novice TeCj)
 14513 | D:10     | Noticed Snorg
 14531 | D:10     | Killed Snorg
 15320 | D:10     | Found a snail-covered altar of Cheibriados.
 15731 | D:10     | Killed dnasty's ghost
 15895 | D:11     | Noticed a two-headed ogre
 15926 | D:11     | Killed a two-headed ogre
 15927 | D:11     | Reached skill level 14 in Fighting
 16236 | D:11     | Noticed a six-headed hydra
 16248 | D:11     | Killed a six-headed hydra
 16575 | D:11     | Noticed a catoblepas
 16578 | D:11     | Received a gift from Trog
 16580 | D:11     | Noticed a two-headed ogre
 16588 | D:11     | Killed a catoblepas
 16593 | D:11     | Killed a two-headed ogre
 16696 | D:11     | Reached skill level 15 in Fighting
 16706 | D:11     | Found a shimmering altar of Xom.
 16707 | D:11     | Found a shimmering altar of Xom.
 16711 | D:11     | Found a shimmering altar of Xom.
 16712 | D:11     | Found a shimmering altar of Xom.
 16712 | D:11     | Found a shimmering altar of Xom.
 16712 | D:11     | Found a shimmering altar of Xom.
 16712 | D:11     | Found a shimmering altar of Xom.
 16712 | D:11     | Found a shimmering altar of Xom.
 16740 | D:11     | Found a shimmering altar of Xom.
 17458 | Lair:1   | Reached XP level 13. HP: 77/80 MP: 12/14
 18148 | Lair:1   | Found a radiant altar of Vehumet.
 19215 | Lair:2   | Noticed Gastronok
 19231 | Lair:2   | Killed Gastronok
 19465 | Lair:2   | Received a gift from Trog
 19638 | Lair:2   | Noticed Erica
 19649 | Lair:2   | Killed Erica
 20255 | Lair:3   | Reached skill level 16 in Fighting
 20441 | Lair:3   | Reached XP level 14. HP: 87/87 MP: 15/15
 21566 | Lair:4   | Found a hole to the Spider Nest.
 22224 | Lair:4   | Found a runed translucent door.
 22421 | Lair:4   | Found a staircase to the Shoals.
 23335 | Lair:5   | Identified the +6 scale mail of Lies {rElec rC- Str+3
                  | Dex+4}
 23436 | Lair:5   | Found a staircase to the Slime Pits.
 23437 | Lair:5   | Found a viscous altar of Jiyva.
 23514 | Lair:5   | Received a gift from Trog
 23861 | Lair:6   | Entered Level 6 of the Lair of Beasts
 24282 | Lair:6   | Reached skill level 17 in Fighting
 24952 | Lair:6   | Reached XP level 15. HP: 65/93 MP: 13/16
 24981 | Lair:6   | Reached skill level 15 in Polearms
 26777 | D:12     | Found a staircase to the Orcish Mines.
 27302 | Orc:1    | Entered Level 1 of the Orcish Mines
 27306 | Orc:1    | Noticed Nergalle
 27316 | D:12     | Reached ****** piety under Trog
 27333 | Orc:1    | Killed Nergalle
 27433 | Orc:1    | Noticed Erolcha
 27448 | Orc:1    | Killed Erolcha
 27878 | Orc:2    | Entered Level 2 of the Orcish Mines
 28020 | Orc:2    | Found Vyofatz's Mayhem Merchandise.
 28036 | Orc:2    | Identified the +3 spear of Hydra's Curse {vorpal, Fly}
                  | (Trog gifted it to you on level 2 of the Orcish Mines)
 28036 | Orc:2    | Received a gift from Trog
 28382 | Orc:2    | Noticed Urug
 28590 | Orc:2    | Noticed Blork the orc
 28647 | Orc:2    | Killed Urug
 28649 | Orc:2    | Killed Blork the orc
 28973 | Orc:2    | Found Cecodwur's Book Emporium.
 28987 | Orc:2    | Reached skill level 18 in Fighting
 29171 | Orc:2    | Found Ymmurgh's Antique Weapon Emporium.
 29192 | Orc:2    | Noticed an orc warlord
 29199 | Orc:2    | Found Salea's Antique Armour Emporium.
 29214 | Orc:2    | Mangled by an orc warrior

Illustrated notes

Levels and vault maps discovered:
D:1:      arrival_zaba_pyramid, layout_basic,
          hellmonk_ecumenical_altar_arch_garden, serial_shops, shop_fountains,
          shop_fountains, shop_statue, shop, chequers_serial_rivers_room_a
D:2:      layout_rooms, basic_altar, uniq_terence, uniq_sigmund, uniq_natasha
D:3:      layout_loops_corners
D:4:      layout_basic, mainiacjoe_overflow_paths, minmay_temple_entry_waves,
          kennysheep_generic_room_15
D:5:      layout_loops_cross, old_standard_altar,
          chequers_temple_overflow_minitemple, gammafunk_ghost_stat_death,
          minmay_shop_enchanted_jewellery, chequers_garden, lemuel_old_faithful
D:6:      layout_basic, minmay_ruined_shrine
D:7:      minmay_chambers_of_fours, layout_gridville, enter_ossuary_3,
          kennysheep_generic_room_6, uniq_menkaure, uniq_pikel, uniq_harold
D:8:      layout_loops_ring, nicolae_wu_jian_wuxing_cycle, lemuel_flame_loot_1
D:9:      layout_cave_pods, david_lair_shrubbed,
          gammafunk_ghost_berserking_beasts, uniq_maurice
D:10:     layout_irregular_city, kennysheep_slug_shrine,
          gammafunk_ghost_necromancy, uniq_snorg
D:11:     layout_stronghold, xom_redecorated
D:12:     layout_loops_ring, minmay_orc_entry_temple_small
Temple:   nicolae_temple_great_sept
Lair:1:   layout_small_grid, basic_altar, serial_bayou_shore_b
Lair:2:   layout_hall_layers, minmay_shattered_shrine, uniq_gastronok,
          uniq_erica
Lair:3:   layout_small_grid
Lair:4:   gammafunk_indiana_jones, layout_regular_city,
          elwin_shoals_entry_rooms, spider_nest_entry_rubble,
          infiniplex_staircase_pool_2
Lair:5:   layout_layer_cave, slime_altar_1, minivault_19, minivault_24
Lair:6:   guppyfry_lair_end_dragon, layout_gridlike, infiniplex_staircase_pool
Orc:1:    layout_caves, uniq_erolcha, uniq_nergalle
Orc:2:    grunt_orc_cross, layout_caves, minmay_shop_mayhem, uniq_urug

Skill      XL: |  1  2  3  4  5  6  7  8  9 10 11 12 13 14 15 |
---------------+----------------------------------------------+-----
Fighting       | 3 4 5 6 8 9 11 13 15 16 17 18 | 18.0
Polearms       | 3 4 5 6 8 9 11 12 13 14 15 | 15.8
Shields        | 4 |  4.0
Armour         | |  1.5
Dodging        | |  1.5

Action                   |  1- 3 |  4- 6 |  7- 9 | 10-12 | 13-15 || total
-------------------------+-------+-------+-------+-------+-------++-------
Melee: Spear             |    84 |   195 |   285 |   188 |       ||   752
       Bite              |    11 |    46 |    87 |   162 |   415 ||   721
       Halberd           |       |       |       |   316 |  1137 ||  1453
       Demon trident     |       |       |       |     3 |    13 ||    16
Throw: Stone             |    25 |     7 |    14 |    14 |     4 ||    64
       Dart              |       |     2 |       |       |       ||     2
Invok: Berserk           |     6 |     6 |    11 |    17 |    24 ||    64
       Trog's Hand       |       |     1 |       |       |     1 ||     2
  Use: Scroll            |       |       |     2 |     9 |    12 ||    23
       Potion            |       |       |       |     1 |       ||     1
Armor: Ring mail         |     3 |       |       |       |       ||     3
       Animal skin       |     1 |       |       |       |       ||     1
       Plate armour      |    34 |   110 |    98 |   274 |   349 ||   865
Dodge: Dodged            |    14 |    35 |    52 |   147 |   431 ||   679
Block: Buckler           |       |     4 |    23 |    20 |       ||    47
